 Dungeon Crawl Stone Soup version 0.23-a0-703-gdf2d5e0 (console) character file.

10 Duffy the Firebug (level 2, 3/19 HPs)
             Began as a Demonspawn Fire Elementalist on Jan 13, 2019.
             Quit the game on level 1 of the Dungeon.
             The game lasted 00:00:25 (277 turns).

Duffy the Firebug (Demonspawn Fire Elementalist)     Turns: 277, Time: 00:00:27

Health: 3/19       AC:  2    Str:  8    XL:     2   Next: 10%
Magic:  0/5        EV: 12    Int: 16    God:
Gold:   0          SH:  0    Dex: 13    Spells: 4/5 levels left

rFire    . . .     SeeInvis .   f - +0 spear
rCold    . . .     Gourm    .   (no shield)
rNeg     . . .     Faith    .   a - +0 robe
rPois    .         Spirit   .   (no helmet)
rElec    .         Reflect  .   (no cloak)
rCorr    .         Harm     .   (no gloves)
MR       .....                  (no boots)
Stlth    ++........             (no amulet)
HPRegen  0.06/turn              (no ring)
MPRegen  0.09/turn              (no ring)

@: no status effects
A: claws 1
a: no special abilities


You were on level 1 of the Dungeon.
You were not hungry.

You visited 1 branch of the dungeon, and saw 1 of its levels.

Inventory:

Hand Weapons
 f - a +0 spear (weapon)
Armour
 a - a +0 robe (worn)
 g - a cursed +0 helmet
Scrolls
 d - a scroll of enchant armour {unknown}
Potions
 e - a potion of curing {unknown}
Comestibles
 b - 6 chunks of flesh
 c - a ration


   Skills:
 - Level 1.7 Dodging
 - Level 1.7 Stealth
 - Level 2.0 Spellcasting
 + Level 2.2 Conjurations
 - Level 2.6 Fire Magic


You had 4 spell levels left.
You knew the following spells:

 Your Spells              Type           Power        Failure   Level  Hunger
h - Flame Tongue          Conj/Fire      #....        8%          1    #......

Your spell library contained the following spells:

 Spells                   Type           Power        Failure   Level  Hunger
 Throw Flame              Conj/Fire      #.....       12%         2    ###....
 Conjure Flame            Conj/Fire      #.......     22%         3    ###....
 Inner Flame              Hex/Fire       #.......     34%         3    ###....
 Sticky Flame             Conj/Fire      #.......     58%         4    #####..
 Fireball                 Conj/Fire      #.........   91%         5    ######.


Dungeon Overview and Level Annotations

Branches:
Dungeon (1/15)

Altars:


Innate Abilities, Weirdness & Mutations

You have sharp fingernails.


Message History

Aim: a goblin, wielding a +0 dagger The flame tongue hits the goblin.
You kill the goblin!
You hear a splash.
You have reached level 2!
Your demonic ancestry asserts itself...
Your fingernails lengthen.
Casting: Flame Tongue (safe; 8% risk of failure)
Confirm with . or Enter, or press ? or * to list all spells.
Aiming: Flame Tongue (safe; 8% risk of failure)
Press: ? - help, Shift-Dir - straight line, f - hobgoblin
Aim: a hobgoblin, wielding a +0 club The flame tongue hits the hobgoblin.
You kill the hobgoblin!
You hear a splash.
Casting: Flame Tongue (safe; 8% risk of failure)
Confirm with . or Enter, or press ? or * to list all spells.
You don't have enough magic to cast that spell.
Some of the chunks of flesh in your inventory have rotted away.
Are you sure you want to abandon this character and quit the game? (Confirm with "yes".)

#.....P#~#P.##### #...
##......P.P.[# #...
#............# #...
#........<...# ##..
#............#########.
#.......P.P............
#......P#~#P.##########
##.....##~##......%.%..
#...@.~~~))..########.
#.....##~##..# #.
#.....P#~#P..# #.
#......P.P...# #.
#............# #.
############## #. #. #.


There were no monsters in sight!

Vanquished Creatures
  A dart slug (D:1)
  A bat (D:1)
  A goblin (D:1)
  2 hobgoblins (D:1)
  A frilled lizard (D:1)
  2 rats (D:1)
8 creatures vanquished.

Notes
Turn   | Place    | Note
-------+----------+-------------------------------------------
     0 | D:1      | Duffy the Demonspawn Fire Elementalist began the quest for
                  | the Orb.
     0 | D:1      | Reached XP level 1. HP: 13/13 MP: 3/3
   271 | D:1      | Gained mutation: You have sharp fingernails. [demonic
                  | ancestry]
   271 | D:1      | Reached XP level 2. HP: 2/19 MP: 1/5
   277 | D:1      | Quit the game

Vault maps used:
D:1:      eino_arrival_water_cross, minmay_pentomino_s2

Skill      XL: |  1 |
---------------+----+-----
Conjurations   | 2 |  2.2
Dodging        | |  1.7
Stealth        | |  1.7
Spellcasting   | |  2.0
Fire Magic     | |  2.6

Action                   || total
-------------------------++-------
Melee: Spear             ||     6
       Unarmed           ||     5
 Cast: Flame Tongue      ||    12
Armor: Robe              ||     2
Dodge: Dodged            ||    10

Table legend:
 A = Non-vault XP
 B = Vault XP
 C = Vault XP percentage of total XP
 D = Non-vault monster count
 E = Vault monster count
 F = Vault count percentage of total count
                 A         B        C        D         E       F
            +---------+---------+-------+---------+---------+-------
      Total |      13 |       2 |  13.3 |       7 |       1 |  12.5
            +---------+---------+-------+---------+---------+-------
        D:1 |      13 |       2 |  13.3 |       7 |       1 |  12.5
            +---------+---------+-------+---------+---------+-------
